Map: Abyssal Reef LE

Players

Eagle

  • Race: Terran Terran
  • League: Gold
  • Spawn Location: 5:00

TMan - Winner!

  • Race: Zerg Zerg
  • League: Gold
  • Spawn Location: 11:00

VOD

Have the link to the VOD?

Description

Time

  • Played on: Sept. 19, 2017, 12:13 a.m.
  • Length: 8:36
Show
View Real Time Build Order
Export as new Build Order

Eagle Terran 

Build Orders:  

Get SALT Encoding   

Show
View Real Time Build Order
Export as new Build Order

TMan Zerg - Winner!

Build Orders: Hatch First 

Get SALT Encoding   

  12  0:01  Drone  
  13  0:14  Overlord  
  13  0:18  Drone  
  13  0:32  Drone x2  
  13  0:35  Drone  
  13  0:54  Hatchery  
  13  0:57  Drone  
  13  1:00  Drone  
  13  1:06  Extractor  
  13  1:15  Spawning Pool  
  13  1:19  Drone  
  13  1:23  Drone  
  13  1:32  Overlord  
  13  1:41  Drone  
  13  2:02  Queen  
  13  2:03  Zergling x4  
  13  2:05  Queen  
  13  2:09  Metabolic Boost  
  13  2:15  Drone x2  
  13  2:19  Drone  
  13  2:24  Drone  
  13  2:38  Drone x2  
  13  2:41  Queen  
  13  2:52  Overlord  
  13  3:05  Drone x2  
  13  3:17  Hatchery, Overlord  
  13  3:20  Drone x3  
  13  3:21  Drone x3  
  13  3:25  Overlord  
  13  3:31  Drone x2  
  13  3:33  Drone  
  13  3:43  Roach Warren  
  13  3:54  Overlord  
  13  3:58  Lair  
  13  4:00  Overlord  
  13  4:01  Drone x2  
  13  4:02  Evolution Chamber, Drone x2  
  13  4:12  Extractor  
  13  4:14  Drone x4  
  13  4:15  Drone  
  13  4:17  Extractor  
  13  4:20  Extractor  
  13  4:22  Drone  
  13  4:23  Drone  
  13  4:29  Zerg Missile Weapons Level 1  
  13  4:33  Drone x5  
  13  4:34  Evolution Chamber  
  13  4:40  Queen  
  13  4:50  Roach  
  13  4:51  Roach x3  
  13  4:59  Glial Reconstitution  
  13  5:07  Spore Crawler  
  13  5:09  Spore Crawler  
  13  5:12  Overlord  
  13  5:22  Overlord  
  13  5:23  Zerg Ground Armor Level 1  
  13  5:25  Roach x2  
  13  5:26  Roach x4  
  13  5:31  Drone x3  
  13  5:36  Overlord  
  13  6:02  Drone x4  
  13  6:03  Drone x3  
  13  6:05  Drone x2  
  13  6:09  Drone x2  
  13  6:12  Infestation Pit  
  13  6:19  Drone x2  
  13  6:20  Drone  
  13  6:30  Overlord, Drone x2  
  13  6:33  Extractor  
  13  6:35  Extractor  
  13  6:42  Roach x5  
  13  6:43  Roach x3  
  13  6:44  Overlord  
  13  6:46  Overlord x2  
  13  6:52  Roach x2  
  13  6:53  Hive  
  13  6:55  Roach x2  
  13  7:01  Overlord  
  13  7:02  Overlord  
  13  7:05  Roach x3  
  13  7:06  Roach  
  13  7:09  Roach  
  13  7:10  Roach  
  13  7:14  Ravager x5  
  13  7:23  Roach x5  
  13  7:25  Roach  
  13  7:30  Roach x2  
  13  7:35  Overlord  
  13  7:37  Overlord  
  13  7:46  Overlord  
  13  8:02  Drone  
  13  8:03  Drone x4  
  13  8:15  Ultralisk Cavern  
Tags
 
League
GoldGold
Matchup
TvZ
Spawn Locations
Cross Positions
Add a new tag
Caveats
  • Supply blocks, unpowered buildings, or Contaminate may cause inaccurate times.
  • Supply counts are checked every 10 seconds.